 Dungeon Crawl Stone Soup version 0.25-a0-507-gf66f01b (webtiles) character file.

Game seed: 7453559323932357806, levelgen mode: deterministic

46 2tousent the Ducker (level 3, 0/16 HPs)
             Began as a Felid Artificer on Feb 14, 2020.
             Succumbed to an adder's poison
             ... on level 2 of the Dungeon.
             The game lasted 00:03:06 (2059 turns).

2tousent the Ducker (Felid Artificer)               Turns: 2059, Time: 00:03:06

Health: 0/16       AC:  1    Str:  8    XL:     3   Next: 44%
Magic:  6/6        EV: 18    Int: 12    God:
Gold:   57         SH:  0    Dex: 17    Spells: 2/2 levels left
                                        Lives:  0   Deaths: 0

rFire    . . .     SeeInvis +     - Unarmed
rCold    . . .     Gourm    .   (shield unavailable)
rNeg     . . .     Faith    .   (armour unavailable)
rPois    .         Spirit   .   (helmet unavailable)
rElec    .         Reflect  .   (cloak unavailable)
rCorr    .         Harm     .   (gloves unavailable)
MR       .....                  (boots unavailable)
Stlth    +++.......             (no amulet)
HPRegen  0.05/turn              (no ring)
MPRegen  0.10/turn              (no ring)

@: lethally poisoned (0 -> -20), quick
A: very small, no armour, no weapons or thrown items, stealth, claws 1, fangs 3,
see invisible, carnivore, speed 1, shaggy fur 1, slow metabolism 1, sharp paws
a: no special abilities


You were on level 2 of the Dungeon.
You were not hungry.

You visited 1 branch of the dungeon, and saw 2 of its levels.

You collected 57 gold pieces.

Inventory:

Wands
 a - a wand of flame (12)
 b - a wand of enslavement (14)
 c - a wand of random effects (15)
Scrolls
 e - 3 scrolls of identify
Potions
 i - a potion of invisibility
Comestibles
 d - 3 rations


   Skills:
 + Level 1.7 Fighting
 + Level 3.3 Dodging
 + Level 2.2 Stealth
 * Level 2.3 Unarmed Combat
 - Level 3.2 Evocations


You had 2 spell levels left.
You didn't know any spells.
Your spell library was empty.

Dungeon Overview and Level Annotations

Branches:
Dungeon (2/15)

Altars:


Innate Abilities, Weirdness & Mutations

You cannot wear armour.
You are incapable of wielding weapons or throwing items.
Your paws allow you to move quietly. (Stealth)
You have sharp claws.
You have razor-sharp teeth.
You have supernaturally acute eyesight. (SInv)
You are carnivorous and can eat meat at any time.
You cover ground quickly.
You are covered in fur. (AC +1)
You have a slow metabolism.
Your sharp claws are effective at attacking unaware monsters.


Message History

The adder is lightly wounded.
You feel sick. The adder bites you.
* * * LOW HITPOINT WARNING * * *
You are more poisoned.
The adder poisons you!
You are too injured to fight recklessly!
You are too injured to fight recklessly!
You are too injured to fight recklessly!
You are too injured to fight recklessly!
You are too injured to fight recklessly!
You are too injured to fight recklessly!
Okay, then.
As you read the scroll labeled UTADWYKHYG, it crumbles to dust.
The scroll dissolves into smoke.
It was a scroll of fog.
The adder bites you.
* * * LOW HITPOINT WARNING * * *
You are more poisoned.
The adder poisons you!
You miss the adder.
The adder is lightly wounded.
You die...

:.# . ..# !.# . #.#
♣#.##.#####.# #### ....
.....####... #..#
#.#..##...♣♣
#.#####§§#.##.#..##.♣♣♣♣
#.....§S§#.......#..♣♣PP
####@§####.†....♣♣PP.
.####..§§§....######♣♣P..
...P...§§§###.# #......
...P.♣PP..# #.# #.♣♣P..
......♣♣.P# #.# . ♣PP.
..P.PP ♣PP# #.# ♣♣PP
#....P ♣..# #.# ♣♣♣ #....
♣P.# #.# #.#♣♣ #..♣P ♣..#
#.# #....


You could see an adder.

Vanquished Creatures
  An adder (D:2)
  A dart slug (D:1)
  A leopard gecko (D:2)
  2 giant cockroaches (D:1)
  5 goblins (D:1)
  7 hobgoblins (D:1)
  6 bats (D:1)
  2 frilled lizards (D:1)
  4 kobolds
  4 rats (D:1)
33 creatures vanquished.

Vanquished Creatures (others)
  A hobgoblin (D:1)
1 creature vanquished.

Grand Total: 34 creatures vanquished

Notes
Turn   | Place    | Note
-------+----------+-------------------------------------------
     0 | D:1      | 2tousent the Felid Artificer began the quest for the Orb.
     0 | D:1      | Reached XP level 1. HP: 9/9 MP: 4/4
   392 | D:1      | Reached XP level 2. HP: 3/12 MP: 5/5
  1616 | D:1      | Reached XP level 3. HP: 14/15 MP: 6/6
  2059 | D:2      | Succumbed to an adder's poison

Levels and vault maps discovered:
D:1:      mainiacjoe_arrival_reflecting_pool, layout_loops_ring,
          serial_bayou_pond_c, chequers_serial_rivers_micro_d, chequers_avenue,
          chequers_serial_rivers_micro_c
D:2:      layout_loops_ring, serial_forest, infiniplex_forest_clump_large,
          infiniplex_forest_clump_C, infiniplex_forest_clump_medium,
          infiniplex_forest_lined_3, infiniplex_forest_fountain,
          infiniplex_forest_pool, infiniplex_forest_straight_1,
          infiniplex_forest_clump_small, uniq_natasha

Skill      XL: |  1  2 |
---------------+-------+-----
Dodging        | 3 |  3.3
Unarmed Combat | 2 |  2.3
Stealth        | 2 |  2.2
Fighting       | |  1.7
Evocations     | |  3.2

Action                   || total
-------------------------++-------
Melee: Unarmed           ||   120
       Bite              ||    11
       Punch             ||     1
Evoke: Wand              ||     4
  Use: Scroll            ||     6
 Stab: Sleeping          ||     9
       Distracted        ||     1
  Eat: Chunk             ||     5
Armor: Skin              ||     8
Dodge: Dodged            ||    99

Table legend:
 A = Non-vault XP
 B = Vault XP
 C = Vault XP percentage of total XP
 D = Non-vault monster count
 E = Vault monster count
 F = Vault count percentage of total count
                 A         B        C        D         E       F
            +---------+---------+-------+---------+---------+-------
      Total |      66 |       0 |   0.0 |      33 |       0 |   0.0
            +---------+---------+-------+---------+---------+-------
        D:1 |      49 |       0 |   0.0 |      30 |       0 |   0.0
        D:2 |      17 |       0 |   0.0 |       3 |       0 |   0.0
            +---------+---------+-------+---------+---------+-------
